 Dungeon Crawl Stone Soup version 0.15.1-3-g1b33baa (webtiles) character file.

44 Psiweapon the Skirmisher (level 3, 0/23 HPs)
             Began as a Kobold Abyssal Knight on Oct 10, 2014.
             Was a Believer of Lugonu.
             Slain by Terence
             ... wielding a +6 hand axe of chopping
              (1 damage)
             ... on Level 2 of the Dungeon.
             The game lasted 00:06:06 (1393 turns).

Psiweapon the Skirmisher (Kobold Abyssal Knight)    Turns: 1393, Time: 00:06:06

HP   0/23        AC  3     Str 10      XL: 3   Next: 87%
MP   4/5         EV 13     Int 10      God: Lugonu [**....]
Gold 42          SH  0     Dex 16      Spells:  0 memorised,  2 levels left

rFire  . . .     SeeInvis +     a - +4 short sword
rCold  . . .     Clarity  .     f - +0 leather armour
rNeg   . . .     rCorr    .     (no shield)
rPois  .         rRot     .     (no helmet)
rElec  .         Spirit   .     (no cloak)
SustAb .         Warding  .     (no gloves)
rMut   .         Stasis   .     (no boots)
Gourm  .                        (no amulet)
MR     .....                    (no ring)
                                t - ring of see invisible

@: not resistant to hostile enchantments, unstealthy
A: carnivore 3
a: Depart the Abyss, Bend Space, Renounce Religion


You were on level 2 of the Dungeon.
You worshipped Lugonu.
Lugonu was pleased with you.
You were not hungry.

You visited 1 branch of the dungeon, and saw 2 of its levels.
You visited the Abyss 1 time.

You collected 42 gold pieces.

Inventory:

Hand weapons
 a - a +4 short sword (weapon)
 b - a +0 hunting sling
 e - a +0 whip
Missiles
 h - 30 poisoned needles
 l - 17 bolts
Armour
 d - a +0 plate armour
 f - a +0 leather armour (worn)
 j - a +0 scale mail
Comestibles
 c - 6 meat rations
Scrolls
 i - a scroll of recharging {unknown}
 k - 2 scrolls of enchant weapon {unknown}
 m - a scroll of noise {unknown}
 n - 3 scrolls of identify {unknown}
 o - a scroll of remove curse {unknown}
 p - 2 scrolls of teleportation {unknown}
Jewellery
 t - a ring of see invisible (left hand)
Potions
 q - a potion of curing {unknown}
 r - a potion of poison {unknown}
 s - a potion of invisibility {unknown}
 u - a potion of restore abilities {unknown}


   Skills:
 - Level 3.4 Fighting
 - Level 2.8 Short Blades
 - Level 0.7 Armour
 - Level 2.6 Dodging
 + Level 2.8 Stealth
 + Level 3.0 Invocations


You had 2 spell levels left.
You didn't know any spells.

Dungeon Overview and Level Annotations

Branches:
Dungeon (2/15)

Altars:
Nemelex Xobeh

Annotations:
D:2 Terence


Innate Abilities, Weirdness & Mutations

You are small and have problems with some larger weapons.
You are carnivorous and can eat meat at any time.


Message History

You shoot a sling bullet. The sling bullet barely misses Terence.
Firing (i - inventory):
g - a sling bullet (quivered)
Press: ? - help, Shift-Dir - straight line, f/p - Terence
Aim: Terence, wielding a glowing hand axe and wearing a scale mail (heavily wounded)
You shoot a sling bullet.
The sling bullet closely misses Terence.
Use which ability? (? or * to list) Space bends around you!
You blink.
You feel slightly more hungry.
a - a +4 short sword (weapon)
You hit Terence.
Terence is severely wounded.
Terence hits you but does no damage.
You barely miss Terence.
Terence is severely wounded.
Terence hits you with a glowing hand axe.
You barely miss Terence.
Terence is severely wounded.
Terence hits you with a glowing hand axe!
* * * LOW HITPOINT WARNING * * *
You die...

################
#..............#
#..............#
#?....@(.......#
#.....@........# .
.#..............#
....#..............#
#....#..............#
#....#..(...........#
######....#...(..!.....(.#
.............>.(.........#
..........#.....<........#


You could see Terence.

Vanquished Creatures
  2 giant geckos (D:1)
  3 bats (D:1)
  3 giant cockroaches (D:1)
  9 hobgoblins
  10 jackals (D:1)
  2 quokkas
  2 giant newts
  2 kobolds (D:2)
  7 rats
40 creatures vanquished.

Notes
Turn   | Place    | Note
--------------------------------------------------------------
     0 | Abyss:1  | Psiweapon, the Kobold Abyssal Knight, began the quest for the Orb.
     0 | Abyss:1  | Reached XP level 1. HP: 14/14 MP: 1/1
    73 | Abyss:1  | Noticed a lich
    82 | D:1      | Escaped the Abyss
   162 | D:1      | Reached XP level 2. HP: 16/19 MP: 2/2
   253 | D:1      | Acquired Lugonu's first power
   307 | D:1      | Reached skill level 1 in Stealth
   471 | D:1      | Reached XP level 3. HP: 23/23 MP: 4/4
   916 | D:2      | Noticed Terence
  1101 | D:1      | Acquired Lugonu's second power
  1265 | D:2      | Found a sparkling altar of Nemelex Xobeh.
  1393 | D:2      | HP: 1/23 [Terence/glowing hand axe (10)]
  1393 | D:2      | Slain by Terence

Action                   || total
-------------------------++-------
Melee: Short sword       ||    44
 Fire: Hunting sling     ||    83
Invok: Depart the Abyss  ||     1
       Bend Space        ||     2
  Eat: Chunk             ||     2
